 Dungeon Crawl Stone Soup version 0.16.2-12-gd0ad4c3 (webtiles) character file.

4349 Charly the Cleaver (level 10, 17/98 HPs)
             Began as a Deep Dwarf Gladiator on Oct 27, 2016.
             Quit the game on level 13 of the Dungeon.
             The game lasted 00:17:59 (1324 turns).

Charly the Cleaver (Deep Dwarf Gladiator)           Turns: 1324, Time: 00:18:00

Health: 17/98      AC: 12    Str: 21      XL:     10   Next: 12%
Magic:  5/5        EV:  8    Int: 13      God:
Gold:   92         SH:  0    Dex: 11 (13) Spells: 0 memorised, 9 levels left

rFire  + . .     SeeInvis .     h - +2 war axe (freeze)
rCold  + . .     Clarity  .     n - +2 chain mail {rF+}
rNeg   . . .     SustAb   .     (no shield)
rPois  .         Gourm    .     w - +1 hat {Int+3}
rElec  .         Spirit   .     (no cloak)
rCorr  .         Warding  .     a - +0 pair of gloves
rMut   .         Stasis   .     (no boots)
MR     +....                    (no amulet)
Stlth  ..........               (no ring)
                                v - ring of protection from cold

@: non-regenerating, somewhat resistant to hostile enchantments, extremely
unstealthy
A: damage resistance, recharge devices, sense surroundings 2, slow healing 3
a: Device Recharging


You were on level 13 of the Dungeon.
You were not hungry.

You visited 2 branches of the dungeon, and saw 14 of its levels.

You collected 92 gold pieces.

Inventory:

Hand weapons
 d - a +1 whip of electrocution
 h - a +2 war axe of freezing (weapon)
Missiles
 g - 3 throwing nets (quivered)
Armour
 a - a +0 pair of gloves (worn)
 c - a +0 helmet
 n - a +2 chain mail of fire resistance (worn)
 w - a +1 hat of intelligence (worn)
Jewellery
 v - a ring of protection from cold (left hand)
Magical devices
 e - a wand of heal wounds (0)
 o - a wand of fire (0)
Scrolls
 i - 5 scrolls of remove curse
 p - 2 scrolls of teleportation
 s - 2 scrolls of identify
Potions
 b - 2 potions of might {unknown}
 k - a potion of mutation {unknown}
 l - a potion of flight
 m - a potion of brilliance {unknown}
 q - a potion of cure mutation {unknown}
 r - a potion of poison {unknown}
 t - a potion of berserk rage {unknown}
 u - a potion of haste {unknown}
 z - a potion of heal wounds {unknown}
Miscellaneous
 x - a sack of spiders {used: 1}
Comestibles
 f - 3 bread rations
 j - 2 meat rations


   Skills:
 + Level 8.4 Fighting
 + Level 12.9 Axes
 - Level 1.7 Throwing
 - Level 3.2 Dodging


You had 9 spell levels left.
You didn't know any spells.

Dungeon Overview and Level Annotations

Branches:
Dungeon (13/15)            Temple (1/1) D:6
   Lair: D:8-11         Orc: D:9-12      Vaults: D:13-14

Altars:
Ashenzari
Dithmenos
Elyvilon
Gozag
Nemelex Xobeh
Okawaru
Qazlal
Sif Muna
Vehumet
Zin

Annotations:
D:4 Eustachio
D:13 exclusion: orange crystal statue


Innate Abilities, Weirdness & Mutations

You are resistant to damage.
You can recharge devices by infusing magical energy.
You passively map the area around you.
You do not heal naturally.


Message History

The vampire mosquito completely misses you.
An orc comes into view. It is wielding a dagger.
The orc shouts!
The vampire mosquito bites you but does no damage.
The vampire mosquito bites you but does no damage.
The vampire mosquito bites you.
* * * LOW HITPOINT WARNING * * *
The vampire mosquito bites you but does no damage.
You see here a dog-eared papyrus book.
The vampire mosquito completely misses you.
The vampire mosquito barely misses you. The vampire mosquito bites you!
* * * LOW HITPOINT WARNING * * *
The vampire mosquito bites you but does no damage.
The vampire mosquito barely misses you. The vampire mosquito bites you!
* * * LOW HITPOINT WARNING * * *
The orc shouts!
The vampire mosquito bites you.
Are you sure you want to abandon this character and quit the game? (Confirm with "yes".)

.8.....##o# * ** ,
...$...##o######
,.....o...o......#,
, ,
.......##O#.......
, ,
,......##.#.##.#. ,
,,,........y# # ,..
, * ##.#####.# ,
#.#####.# * * *


#@yyySO.# ,* #########** You could see a two-headed ogre, a water moccasin, 3
vampire mosquitoes and an orc.

Vanquished Creatures
  Gastronok (D:11)
  Pikel (D:4)
  A cyclops (D:11)
  A deep elf mage (D:9)
  A hungry ghost (D:9)
  A hippogriff (D:10)
  A black bear (D:7)
  3 ice beasts
  A sky beast (D:12)
  3 centaurs
  2 ogres
  Duvessa (D:6)
  A big kobold (D:7)
  Robin (D:4)
  3 giant frogs
  A scorpion (D:6)
  Dowan (D:6)
  2 wights
  2 orcs
  An orc priest (D:4)
  A centaur zombie (D:5)
  A hound (D:12)
  A jelly (D:7)
  An orc wizard (D:4)
  An iguana (D:4)
  A giant frog skeleton (D:6)
  Natasha (D:6)
  4 sheep (D:11)
  A hound zombie (D:9)
  3 gnolls (D:9)
  A worker ant zombie (D:10)
  4 adders
  2 worms
  A shadow imp (D:9)
  A ball python (D:2)
  7 hobgoblins
  13 kobolds
  3 quokkas
  A ball python skeleton (D:4)
  6 bats
  2 giant cockroaches
  A giant newt (D:3)
  10 goblins
  8 rats
  2 ballistomycetes (D:7)
106 creatures vanquished.

Vanquished Creatures (collateral kills)
  A troll (D:12)
1 creature vanquished.

Vanquished Creatures (others)
  2 slaves (D:4)
  A quasit (D:4)
  A worm (D:4)
  3 goblins (D:4)
  A hobgoblin (D:4)
  A giant spore (D:7)
  2 rats (D:4)
11 creatures vanquished.

Grand Total: 118 creatures vanquished

Notes
Turn   | Place    | Note
--------------------------------------------------------------
     0 | D:1      | Charly, the Deep Dwarf Gladiator, began the quest for the Orb.
     0 | D:1      | Reached XP level 1. HP: 19/19 MP: 1/1
    33 | D:2      | Reached skill level 4 in Axes
    33 | D:2      | Reached XP level 2. HP: 26/26 MP: 2/2
    96 | D:2      | Reached XP level 3. HP: 23/32 MP: 3/3
   197 | D:4      | Reached skill level 5 in Axes
   224 | D:4      | Noticed a slave
   227 | D:4      | Noticed Pikel
   227 | D:4      | Noticed a slave
   229 | D:4      | Noticed a slave
   244 | D:4      | Noticed a slave
   263 | D:4      | Killed Pikel
   263 | D:4      | Reached skill level 8 in Axes
   263 | D:4      | Reached XP level 4. HP: 18/39 MP: 4/4
   263 | D:4      | Reached XP level 5. HP: 20/45 MP: 5/5
   263 | D:4      | Reached XP level 6. HP: 23/52 MP: 6/6
   292 | D:4      | Noticed Eustachio
   303 | D:4      | Reached XP level 7. HP: 25/58 MP: 7/7
   304 | D:4      | Noticed Robin
   309 | D:4      | Reached skill level 9 in Axes
   311 | D:4      | Killed a freed slave
   316 | D:4      | Killed a freed slave
   335 | D:4      | Killed Robin
   396 | D:4      | Noticed an ogre
   416 | D:4      | Killed an ogre
   425 | D:5      | Entered Level 5 of the Dungeon
   535 | D:6      | Found an opulent altar of Gozag.
   536 | D:6      | Noticed Natasha
   541 | D:6      | Killed Natasha
   562 | D:6      | Noticed Duvessa
   566 | D:6      | Noticed Dowan
   569 | D:6      | Killed Duvessa
   569 | D:6      | Reached XP level 8. HP: 26/72 MP: 6/6
   572 | D:6      | Reached skill level 10 in Axes
   574 | D:6      | Killed Dowan
   583 | D:6      | Found a staircase to the Ecumenical Temple.
   589 | Temple   | Entered the Ecumenical Temple
   715 | D:7      | Reached skill level 5 in Fighting
   842 | D:8      | Found a radiant altar of Vehumet.
   884 | D:8      | Reached skill level 11 in Axes
   955 | D:9      | Gained mutation: You passively map the area around you. [level up]
   955 | D:9      | Reached XP level 9. HP: 50/82 MP: 6/6
  1067 | D:10     | Entered Level 10 of the Dungeon
  1131 | D:11     | Noticed Gastronok
  1138 | D:11     | Noticed a cyclops
  1158 | D:11     | Killed a cyclops
  1159 | D:11     | Killed Gastronok
  1159 | D:11     | Reached skill level 12 in Axes
  1159 | D:11     | Reached XP level 10. HP: 13/96 MP: 6/6
  1293 | D:13     | Noticed a centaur warrior
  1293 | D:13     | Noticed a hill giant
  1324 | D:13     | Quit the game

Action                   |  1- 3 |  4- 6 |  7- 9 | 10-12 || total
-------------------------+-------+-------+-------+-------++-------
Melee: War axe           |    86 |     8 |   208 |    16 ||   318
Throw: Throwing net      |     5 |       |     1 |       ||     6
 Abil: Device Recharging |       |       |     4 |     1 ||     5
Evoke: Wand              |     5 |       |    22 |     3 ||    30
       Sack of spiders   |       |       |       |     1 ||     1
  Use: Scroll            |     3 |       |     3 |       ||     6
 Stab: Held in net/web   |     2 |       |     2 |       ||     4
  Eat: Meat ration       |       |       |     1 |       ||     1
